 Dungeon Crawl Stone Soup version 0.29.1 (webtiles) character file.

Game seed: 15507420652297248162

2046 swilekon the Cleaver (level 9, -6/60 (63) HPs)
             Began as an Octopode Monk on Sept 15, 2022.
             Was a Priest of Okawaru.
             Mangled by a wight
             ... wielding a +4 halberd
              (18 damage)
             ... on level 7 of the Dungeon.
             The game lasted 00:08:30 (7360 turns).

swilekon the Cleaver (Octopode Monk)                Turns: 7360, Time: 00:08:30

HP:   -6/60 (63)    AC:  1    Str: 14    XL:     9   Next: 24%
MP:   9/9           EV: 16    Int: 13    God:    Okawaru [***...]
Gold: 42            SH:  0    Dex: 14    Spells: 8/8 levels left

rFire   . . .      SeeInvis .   p - +7 war axe (elec)
rCold   . . .      Faith    .   (no shield)
rNeg    . . .      Spirit   .   (helmet restricted)
rPois   .          Reflect  .   (no amulet)
rElec   .          Harm     .   (no ring)
rCorr   .          Rampage  .   (no ring)
Will    .....                   (no ring)
Stlth   +++.......              (no ring)
HPRegen 0.20/turn               (no ring)
MPRegen 0.11/turn               (no ring)
                                (no ring)
                                (no ring)

@: lightly drained
A: almost no armour, amphibious, 8 rings, camouflage 1, gelatinous body 1,
(nimble swimmer 1), tentacles, fangs 1
a: Renounce Religion, Heroism


You were on level 7 of the Dungeon.
You worshipped Okawaru.
Okawaru was most pleased with you.
You visited 2 branches of the dungeon, and saw 8 of its levels.

You collected 236 gold pieces.
You spent 194 gold pieces at shops.

Inventory:

Hand Weapons
 p - a +7 war axe of electrocution (weapon)
Missiles
 a - a throwing net (quivered)
Jewellery
 b - a ring of magical power
 n - a ring of magical power
Wands
 i - a wand of flame (45)
 k - a wand of roots (11)
Scrolls
 c - 2 scrolls of enchant armour
 e - a scroll of summoning
 g - a scroll of blinking {unknown}
 h - 2 scrolls of acquirement {unknown}
 j - 3 scrolls of teleportation
Potions
 d - a potion of berserk rage
 f - a potion of resistance
 l - a potion of flight
 o - a potion of degeneration


   Skills:
 + Level 6.6 Fighting
 * Level 9.0 Axes
 + Level 6.6 Dodging
 - Level 2.6 Stealth


You had 8 spell levels left.
You didn't know any spells.
Your spell library contained the following spells:

 Spells                   Type           Power      Damage    Failure   Level
 Beastly Appendage        Tmut           0%         N/A       30%         1
 Wereblood                Tmut           0%         N/A       43%         2
 Spider Form              Tmut/Pois      0%         N/A       67%         3


Dungeon Overview and Level Annotations

Branches:
Dungeon (7/15)             Temple (1/1) D:4

Altars:
Ashenzari
Cheibriados
Dithmenos
Elyvilon
Fedhas
Gozag
Hepliaklqana
Kikubaaqudgha
Makhleb
Nemelex Xobeh
Okawaru
Qazlal
Sif Muna
Trog
Uskayaw
Wu Jian
Zin
The Shining One

Shops:
D:5 ?


Innate Abilities, Weirdness & Mutations

You cannot wear most types of armour.
You are amphibious.
You can wear up to eight rings at the same time.
Your skin changes colour to match your surroundings (Stealth+).
Your rubbery body absorbs attacks. (AC +1, EV +1)
((You are camouflaged when in or above water. (Stealth+)))
You have tentacles for arms and can constrict up to eight enemies at once.
You have very sharp teeth.


Message History

You destroy the wight!
Okawaru accepts your kill.
The wight hits you from afar with a +4 halberd!
The wight closely misses you. x2
You slash the wight! Lightning courses through the wight!
You destroy the wight!
Okawaru accepts your kill.
You hit the wight. You barely miss the wight. The wight barely misses you.
The wight hits you with a +4 halberd!
You feel drained.
Your Axes skill increases to level 9!
You are too injured to fight recklessly!
You are too injured to fight recklessly!
You are too injured to fight recklessly!
You are too injured to fight recklessly!
You are too injured to fight recklessly!
You are too injured to fight recklessly!
You are too injured to fight recklessly!
You are too injured to fight recklessly!
You are too injured to fight recklessly!
You are too injured to fight recklessly!
You are too injured to fight recklessly!
You are too injured to fight recklessly!
You are too injured to fight recklessly!
You are too injured to fight recklessly!
You are too injured to fight recklessly!
You are too injured to fight recklessly!
You are too injured to fight recklessly!
You are too injured to fight recklessly!
Unknown command.
You hit the wight but do no damage. Your grab misses the wight.
Your squeeze misses the wight.
The wight is lightly damaged.
You hit the wight.
A wight comes into view. It is wielding a +3 war axe.
The wight hits you with a +3 morningstar!
* * * LOW HITPOINT WARNING * * *
You feel drained.
* * * LOW HITPOINT WARNING * * *
The wight hits you with a +4 halberd!!
You die...

#. .#.## ..... ......
#
......###########z#.#
.......>##...).)..#.#
......#.##....@z..#.#
...............z..#.#
##.##.#.####.####.#.#
# #.# #.# #.# #.# #..
#.# #.###########.#
#.............#
#.##########..# #.#
#......#


You could see 3 wights.

Vanquished Creatures
  3 yaks (D:5)
  A water moccasin (D:5)
  A black bear (D:6)
  A sky beast (D:6)
  4 phantoms
  A kobold brigand (D:6)
  2 bullfrogs (D:6)
  3 scorpions
  2 wights (D:7)
  A howler monkey (D:6)
  4 hounds
  A gnoll bouda (D:6)
  3 iguanas (D:6)
  3 orc wizards
  3 gnolls (D:6)
  6 adders
  A shadow imp (D:6)
  2 white imps (D:6)
  2 worms
  2 dart slugs
  9 orcs
  9 endoplasms
  4 giant cockroaches
  10 goblins
  8 hobgoblins
  7 jackals
  5 quokkas
  8 ball pythons
  2 bats
  2 frilled lizards
  12 kobolds
  3 rats
  A spectral kobold (D:3)
126 creatures vanquished.

Notes
Turn   | Place    | Note
-------+----------+-------------------------------------------
     0 | D:1      | swilekon the Octopode Monk began the quest for the Orb.
     0 | D:1      | Reached XP level 1. HP: 16/16 MP: 1/1
   135 | D:1      | Reached XP level 2. HP: 16/21 MP: 2/2
   533 | D:1      | Reached XP level 3. HP: 17/26 MP: 3/3
  1563 | D:2      | Reached skill level 4 in Axes
  1563 | D:2      | Reached XP level 4. HP: 31/31 MP: 4/4
  1794 | D:3      | Found a snail-covered altar of Cheibriados.
  2061 | D:3      | Found a shadowy altar of Dithmenos.
  2094 | D:3      | Found a faded altar of an unknown god.
  2552 | D:3      | You fall into a shaft and drop 1 floor!
  2733 | D:4      | Noticed a scorpion
  2742 | D:4      | Killed a scorpion
  2743 | D:4      | Reached XP level 5. HP: 21/37 MP: 5/5
  3208 | D:4      | Reached skill level 5 in Axes
  3208 | D:4      | Reached XP level 6. HP: 28/43 MP: 6/6
  3982 | D:4      | Found a staircase to the Ecumenical Temple.
  4275 | Temple   | Entered the Ecumenical Temple
  4465 | Temple   | Became a worshipper of Warmaster Okawaru
  4465 | Temple   | Reached * piety under Okawaru
  4465 | Temple   | Reached ** piety under Okawaru
  4495 | D:5      | Entered Level 5 of the Dungeon
  4565 | D:5      | Reached XP level 7. HP: 49/49 MP: 7/7
  4617 | D:5      | Noticed a yak
  4618 | D:5      | Noticed a yak
  4619 | D:5      | Noticed a yak
  4928 | D:5      | Reached skill level 6 in Axes
  5100 | D:5      | Reached skill level 5 in Fighting
  5100 | D:5      | Reached skill level 5 in Dodging
  5102 | D:5      | Gained mutation: You are clumsy. (Dex -2) [potion of
                  | mutation]
  5102 | D:5      | Gained mutation: You have very sharp teeth. [potion of
                  | mutation]
  5102 | D:5      | Lost mutation: You are clumsy. (Dex -2) [potion of
                  | mutation]
  5291 | D:5      | Found Ihuzur's Magic Scroll Emporium.
  5298 | D:5      | Bought a scroll of enchant weapon for 97 gold pieces
  5298 | D:5      | Bought a scroll of enchant weapon for 97 gold pieces
  5621 | D:5      | Killed a yak
  5622 | D:5      | Reached skill level 7 in Axes
  5622 | D:5      | Reached XP level 8. HP: 52/55 MP: 8/8
  5628 | D:5      | Killed a yak
  5632 | D:5      | Killed a yak
  6117 | D:6      | Reached *** piety under Okawaru
  6192 | D:6      | Reached skill level 8 in Axes
  6663 | D:6      | Reached XP level 9. HP: 59/62 MP: 9/9
  7360 | D:7      | Reached skill level 9 in Axes
  7360 | D:7      | Mangled by a wight

Illustrated notes

Levels and vault maps discovered:
D:1:      amcnicky_arrival_feature_with_door, layout_basic, serial_glass,
          glass_columns_a, glass_columns_b, glass_columns_c, glass_columns_a,
          glass_columns_b, glass_columns_a, glass_columns_a, glass_columns_b,
          glass_columns_a, glass_columns_a, glass_columns_a, glass_columns_a,
          glass_columns_c, glass_columns_c
D:2:      layout_rooms, kennysheep_another_room, minmay_goblin_kobold_house
D:3:      layout_loops_ring, grunt_dithmenos_smoke,
          mainiacjoe_overflow_surrounded_room,
          dreamdust_ecumenical_altar_drowned_temple
D:4:      layout_cave_pools, minmay_temple_entry_arrows
D:5:      layout_basic, serial_shops, nicolae_square_shop
D:6:      layout_gridville
D:7:      layout_basic, uniq_menkaure
Temple:   nicolae_temple_slightly_damp_pantheon

Skill      XL: |  1  2  3  4  5  6  7  8  9 |
---------------+----------------------------+-----
Axes           | 4 5 7 8 9 |  9.0
Fighting       | 4 5 6 |  6.6
Dodging        | 4 5 6 |  6.6
Stealth        | |  2.6

Action                   |  1- 3 |  4- 6 |  7- 9 || total
-------------------------+-------+-------+-------++-------
Melee: Hand axe          |    82 |   100 |       ||   182
       Constrict         |    24 |    19 |    10 ||    53
       Tentacles         |    16 |    25 |    16 ||    57
       War axe           |       |     2 |    89 ||    91
       Punch             |       |       |     2 ||     2
       Bite              |       |       |     5 ||     5
  Use: Scroll            |       |    11 |     5 ||    16
       Potion            |       |       |     6 ||     6
 Stab: Sleeping          |     4 |     7 |     5 ||    16
       Distracted        |     1 |     1 |       ||     2
Armor: Skin              |     8 |     6 |     3 ||    17
Dodge: Dodged            |    60 |    56 |    69 ||   185
